 Dungeon Crawl Stone Soup version 0.25.1-2-g60ff931df9 (webtiles) character file.

Game seed: 1999510383182333765

436 Fallenstar the Chopper (level 6, 0/53 HPs)
             Began as a Minotaur Fighter on Sept 8, 2020.
             Killed by divine providence
             ... invoked by an orc priest
              (14 damage)
             ... on level 4 of the Dungeon.
             The game lasted 00:08:20 (2630 turns).

Fallenstar the Chopper (Minotaur Fighter)           Turns: 2630, Time: 00:08:21

Health: 0/53       AC: 14    Str: 23    XL:     6   Next: 68%
Magic:  4/4        EV: 12    Int:  5    God:
Gold:   156        SH:  7    Dex:  9    Spells: 5/5 levels left

rFire    . . .     SeeInvis .   a - +0 war axe
rCold    + . .     Gourm    .   m - +2 buckler
rNeg     . . .     Faith    .   d - +4 ring mail
rPois    .         Spirit   .   (helmet restricted)
rElec    .         Reflect  .   i - +0 cloak
rCorr    .         Harm     .   n - +0 pair of gloves
MR       .....                  (no boots)
Stlth    ..........             (no amulet)
HPRegen  0.17/turn              k - ring of protection from cold
MPRegen  0.09/turn              (no ring)

@: no status effects
A: retaliatory headbutt, horns 2, repulsion field 1, thin metallic scales 1, low
mp 1, sense surroundings 1
a: no special abilities


You were on level 4 of the Dungeon.
You were not hungry.

You visited 1 branch of the dungeon, and saw 4 of its levels.

You collected 156 gold pieces.

Inventory:

Hand Weapons
 a - a +0 war axe (weapon)
Armour
 c - a +0 kite shield
 d - a +4 ring mail (worn)
 i - a +0 cloak (worn)
 m - a +2 buckler (worn)
 n - a +0 pair of gloves (worn)
Jewellery
 k - a ring of protection from cold (left hand)
 v - an uncursed ring of protection from magic {unknown}
Scrolls
 e - a scroll of immolation
 h - 2 scrolls of remove curse
 o - a scroll of fear
 s - a scroll of teleportation
Potions
 j - a potion of curing
 l - a potion of heal wounds
Comestibles
 b - a chunk of flesh
 f - 5 rations


   Skills:
 + Level 4.6 Fighting
 + Level 5.7 Axes
 * Level 5.4 Armour
 * Level 5.5 Shields


You had 5 spell levels left.
You didn't know any spells.
Your spell library was empty.

Dungeon Overview and Level Annotations

Branches:
Dungeon (4/15)
 Temple: D:4-7

Altars:
Vehumet


Innate Abilities, Weirdness & Mutations

You reflexively headbutt those who attack you in melee.
You have a pair of horns on your head.
You are surrounded by a mild repulsion field. (EV +2)
You are partially covered in thin metallic scales. (AC +2)
Your magical capacity is low. (-10% MP)
You passively map a small area around you.


Message History

You start to feel less resistant.
The gnoll barely misses you. The gnoll hits you.
You hit the gnoll but do no damage.
The gnoll is almost dead.
The orc priest casts a cantrip, but nothing happens.
The gnoll hits you but does no damage.
You hit the gnoll.
The gnoll is almost dead.
The gnoll closely misses you.
The orc priest begins to cast a cantrip, but forgets the words!
You see here a +0 mace.
The orc priest invokes the aid of Beogh against you.
Beogh smites you!
* * * LOW HITPOINT WARNING * * *
The gnoll closely misses you.
Your resistance to elements expires.
You are too injured to fight recklessly!
The orc priest calls down the wrath of Beogh upon you.
Beogh smites you!
You die...

* *, *,* * , # ,
#.# * ,..,
######## ,
..###.###......#
......goo).g...#
,
,......###..g.@.#
* ,#####
#######..# * , *
## , * , ,* * *,,
, * * * * *,, * *


You could see 2 orc priests and 3 gnolls.

Vanquished Creatures
  Sigmund (D:3)
  An ogre (D:3)
  An orc priest (D:4)
  Jessica (D:2)
  2 gnolls
  5 adders
  5 worms
  A dart slug (D:1)
  3 leopard geckos
  4 orcs (D:4)
  5 bats
  A giant cockroach (D:2)
  8 goblins
  6 hobgoblins
  3 jackals (D:1)
  A quokka (D:3)
  A frilled lizard (D:1)
  5 kobolds
  8 rats
62 creatures vanquished.

Notes
Turn   | Place    | Note
-------+----------+-------------------------------------------
     0 | D:1      | Fallenstar the Minotaur Fighter began the quest for the
                  | Orb.
     0 | D:1      | Reached XP level 1. HP: 19/19 MP: 0/0
   110 | D:1      | Reached XP level 2. HP: 27/27 MP: 1/1
   675 | D:1      | Reached XP level 3. HP: 30/33 MP: 2/2
  1165 | D:2      | Reached XP level 4. HP: 33/40 MP: 3/3
  1213 | D:2      | Noticed Jessica
  1215 | D:2      | Killed Jessica
  1520 | D:3      | Noticed an ogre
  1525 | D:3      | Killed an ogre
  1525 | D:3      | Reached skill level 5 in Shields
  1525 | D:3      | Reached XP level 5. HP: 24/46 MP: 4/4
  1677 | D:3      | Found a radiant altar of Vehumet.
  1730 | D:3      | Noticed Sigmund
  1742 | D:3      | Killed Sigmund
  1742 | D:3      | Reached skill level 5 in Axes
  1742 | D:3      | Reached skill level 5 in Armour
  1742 | D:3      | Reached XP level 6. HP: 39/53 MP: 5/5
  2551 | D:3      | Gained mutation: You are surrounded by a mild repulsion
                  | field. (EV +2) [potion of mutation]
  2551 | D:3      | Gained mutation: Your magical capacity is low. (-10% MP)
                  | [potion of mutation]
  2551 | D:3      | Gained mutation: You passively map a small area around you.
                  | [potion of mutation]
  2551 | D:3      | Gained mutation: You are partially covered in thin metallic
                  | scales. (AC +2) [potion of mutation]
  2630 | D:4      | Killed from afar by an orc priest

Illustrated notes

Levels and vault maps discovered:
D:1:      dpeg_arrival_yet_another_circle, layout_basic, minmay_pentomino_r2
D:2:      layout_loops_corners, first_ration, roderic_roman_lattice,
          uniq_jessica
D:3:      layout_basic, vehumet_crystals, uniq_sigmund
D:4:      layout_rooms, kennysheep_mini_moat

Skill      XL: |  1  2  3  4  5 |
---------------+----------------+-----
Shields        | 4 5 |  5.5
Axes           | 3 4 5 |  5.7
Fighting       | 4 |  4.6
Armour         | 4 5 |  5.4

Action                   |  1- 3 |  4- 6 || total
-------------------------+-------+-------++-------
Melee: War axe           |    71 |    72 ||   143
       Headbutt          |    10 |    20 ||    30
  Use: Scroll            |     3 |     4 ||     7
       Potion            |       |     8 ||     8
  Eat: Chunk             |     1 |     1 ||     2
       Ration            |       |     1 ||     1
Armor: Scale mail        |    38 |       ||    38
       Ring mail         |       |    19 ||    19
Dodge: Dodged            |    33 |    22 ||    55
Block: Kite shield       |    31 |       ||    31
       Buckler           |     6 |    13 ||    19
